 Dungeon Sprint DCSS version 0.31-a0-920-g28cbb04a8c (webtiles) character file.

Game seed: 4168975218655129995

311 sircluck the Ruffian (level 6, -12/102 HPs)
             Began as a Troll Berserker on Oct 17, 2023.
             Was a Follower of Trog.
             Mangled by an orc knight
             ... wielding a +0 bardiche
              (22 damage)
             ... in the Dungeon (Sprint VII: "The Pits").
             The game lasted 00:00:15 (20 turns).

sircluck the Ruffian (Troll Berserker)                Turns: 20, Time: 00:00:15

Health: -12/102    AC:  4    Str: 28    XL:     6   Next: 18%
Magic:  5/5        EV: 11    Int:  3    God:    Trog [*.....]
Gold:   0          SH:  0    Dex:  9    Spells: 5/5 levels left

rFire   . .          .
                       - Unarmed
rCold   . . .        (no shield)
rNeg    . . .        a - +0 animal skin
rPois   .            (helmet restricted)
rElec   .            (no cloak)
rCorr   .            (gloves unavailable)
SInv    .            (boots unavailable)
Will    .....        (no amulet) Stlth
                     (no ring)
HPRegen 1.17/turn    (no ring)
MPRegen 0.09/turn

%: no teleportation
@: berserking (expiring), very quick
A: large, unfitting armour, claws 3, regeneration 1, shaggy fur 1, tough skin 1
a: Renounce Religion, Berserk


You were in the Dungeon.
You worshipped Trog.
Trog was aware of your devotion.
You visited 1 branch

Inventory:

Armour
 a - a +0 animal skin (worn)
Scrolls
 g - a scroll of blinking
Potions
 b - a potion of curing
 c - a potion of heal wounds
 d - a potion of haste
 e - 2 potions of magic
 f - a potion of berserk rage


   Skills:
 + Level 6.7 Fighting
 + Level 2.0 Armour
 + Level 6.6 Dodging
 + Level 7.9 Unarmed Combat


You had 5 spell levels left.
You didn't know any spells.
Your spell library was empty.

Dungeon Overview and Level Annotations

Branches:
Dungeon (1/1)

Altars:


Innate Abilities, Weirdness & Mutations

You are too large for most types of armour.
You have claws for hands.
Your natural rate of healing is unusually fast.
You are covered in fur. (AC +1)
You have tough skin. (AC +1)


Message History

Trog accepts your kill.
The troll leather armour is intact enough to wear.
Your Fighting skill gained 4 levels and is now at level 6!
Your Dodging skill gained 4 levels and is now at level 6!
Your Unarmed Combat skill gained 4 levels and is now at level 7!
You have reached level 2!
You have reached level 3!
Your experience leads to an increase in your attributes!
Increase (S)trength, (I)ntelligence, or (D)exterity?
You feel stronger. x3
You have reached level 4!
You have reached level 5!
Unknown command.
Unknown command.
You claw the orc warrior!
The orc warrior is heavily wounded.
The orc knight closely misses you.
The orc warrior unwields a +0 orcbow.
The orc warrior wields a +0 glaive.
The orc warrior barely misses you.
You closely miss the orc warrior.
The orc warrior is heavily wounded.
You mangle the orc warrior!!
You kill the orc warrior!
Trog accepts your kill.
The orc knight hits you from afar with a +0 bardiche!
* * * LOW HITPOINT WARNING * * *
Your Armour skill gained 2 levels and is now at level 2!
You have reached level 6!
You feel stronger.
Unknown command.
Unknown command.
Unknown command.
Unknown command.
Unknown command.
You claw the troll!
The troll is moderately wounded.
Unknown command.
You closely miss the troll.
The troll is moderately wounded.
The orc knight hits you from afar with a +0 bardiche!!
You die...

##########++######
#................#
#......#..#......#
#................+
+................+
#......#..#......#
#.........@......#
####'#####T)######
#.......##Oo#
#.......##.o.
#.......##....
#...<...##.....
#.......##...###
#.......##..##
#.......#


You could see an orc knight, a troll, an ogre and an orc.

Vanquished Creatures
  A troll (D)
  An orc warrior (D)
2 creatures vanquished.

Notes
Turn   | Place    | Note
-------+----------+-------------------------------------------
     0 | D        | sircluck the Troll Berserker began the quest for the Orb.
     0 | D        | Reached XP level 1. HP: 22/22 MP: 0/0
    11 | D        | Noticed an orc knight
    11 | D        | Noticed an ogre
    11 | D        | Noticed a troll
    11 | D        | Noticed an orc warrior
    11 | D        | Noticed a troll
    15 | D        | Killed a troll
    16 | D        | Reached skill level 7 in Unarmed Combat
    16 | D        | Reached XP level 2. HP: 13/36 MP: 1/1
    16 | D        | Reached XP level 3. HP: 16/44 MP: 2/2
    16 | D        | Reached XP level 4. HP: 19/52 MP: 3/3
    16 | D        | Reached XP level 5. HP: 21/59 MP: 4/4
    18 | D        | Killed an orc warrior
    19 | D        | Reached XP level 6. HP: 9/68 MP: 5/5
    20 | D        | Mangled by an orc knight

Illustrated notes

Levels and vault maps discovered:
D:        pitsprint [storerooms_1, entrance_room_1, metal_vault_4, armoury_1,
          mini_pit_1, grid_room_1, main_hall_1, silver_pit, the_coven_2,
          the_vestibule_1, steel_vault_2, golden_pit, hallway_of_sentries,
          crystal_vault_5, iron_vault_1, final_vault]

Skill      XL: |  1  2  3  4  5 |
---------------+----------------+-----
Fighting       | 6 |  6.7
Dodging        | 6 |  6.6
Unarmed Combat | 7 |  7.9
Armour         | 2 |  2.0

Action                     |  1- 3 |  4- 6 || total
---------------------------+-------+-------++-------
  Melee: Unarmed           |     3 |     5 ||     8
 Invoke: Berserk           |     1 |       ||     1
 Armour: Animal skin       |     2 |     2 ||     4
  Dodge: Dodged            |     2 |     2 ||     4

Table legend: (Time is in decaauts)
 A = Elapsed time spent in this place.
 B = Non-inter-level travel time spent in this place.
 C = Inter-level travel time spent in this place.
 D = Time resting spent in this place.
 E = Time spent auto-exploring this place.
 F = Levels seen in this place.
 G = Mean time per level.
                   A        B        C        D        E       F      G
               +--------+--------+--------+--------+--------+-----+--------+
         Total |     16 |     16 |      0 |      0 |     11 |   1 |   16.0 |
       Dungeon |     16 |     16 |      0 |      0 |     11 |   1 |   16.0 |
               +--------+--------+--------+--------+--------+-----+--------+

Top non-repeatable levels by time:
       D: 16 daAuts
